 Dungeon Crawl Stone Soup version 0.32-a0-933-ga8fa3634e4 (webtiles) character file.

Game seed: 3929900511876386089

7164 Meejax the Basher (level 10, -8/81 HPs)
             Began as a Demonspawn Gladiator on Apr 14, 2024.
             Was a High Priest of Okawaru.
             Killed from afar by an electric eel (14 damage)
             ... with a bolt of electricity
             ... on level 10 of the Dungeon.
             The game lasted 00:17:35 (11421 turns).

Meejax the Basher (Demonspawn Gladiator)           Turns: 11421, Time: 00:17:36

Health: -8/81      AC: 21    Str: 24    XL:     10   Next: 86%
Magic:  10/10      EV: 15    Int: 10    God:    Okawaru [*****.]
Gold:   651        SH:  0    Dex: 22    Spells: 9/9 levels left

rFire   + . .        q - +5 hammer of the Sufficient God {freeze, rC- Str+8 Dex+6}
rCold   . . .        (no shield)
rNeg    . . .        H - +0 ring mail {rC+}
rPois   .            c - +1 helmet
rElec   .            r - +2 cloak
rCorr   .            k - +1 pair of gloves
SInv    .            (no boots)
Will    .....        o - amulet of the acrobat
Stlth   ++           m - ring of protection from fire
HPRegen 0.33/turn    v - +4 ring of protection
MPRegen 0.24/turn

%: acrobat
@: no status effects
A: hooves 2, rugged brown scales 3, foul stench 1, magic regeneration
a: Renounce Religion, Heroism, Finesse, Duel


You were on level 10 of the Dungeon.
You worshipped Okawaru.
Okawaru was extremely pleased with you.
You visited 2 branches of the dungeon, and saw 11 of its levels.
You also visited: Sewer.

You collected 651 gold pieces.

Inventory:

Hand Weapons
 a - a +0 long sword
 q - the +5 hammer of the Sufficient God (weapon) {freeze, rC- Str+8 Dex+6}
   (You found it on level 2 of the Dungeon)

   Str+8:     It affects your strength (+8).
   Dex+6:     It affects your dexterity (+6).
   rC-:       It makes you vulnerable to cold.
Missiles
 d - a throwing net (quivered)
 e - 7 javelins
Armour
 b - a +0 leather armour
 c - a +1 helmet (worn)
 k - a +1 pair of gloves (worn)
 r - a +2 cloak (worn)
 H - a +0 ring mail of cold resistance (worn)
Jewellery
 m - a ring of protection from fire (left hand)
 o - an amulet of the acrobat (around neck)
 v - a +4 ring of protection (right hand)
 x - a ring of resist corrosion
 D - an amulet of guardian spirit
 M - a ring of see invisible
 N - an amulet of magic regeneration
Wands
 f - a wand of charming (10)
 s - a wand of polymorph (6)
 z - a wand of warping (20)
 E - a wand of quicksilver (4)
 G - a wand of flame (3)
Scrolls
 i - 4 scrolls of immolation
 w - a scroll of vulnerability
 y - 2 scrolls of blinking
 A - 5 scrolls of identify
 B - 3 scrolls of enchant weapon {unknown}
 C - 7 scrolls of teleportation
 F - a scroll of silence {unknown}
 I - 2 scrolls of poison {unknown}
 J - 2 scrolls of revelation
 K - a scroll of brand weapon {unknown}
 L - 2 scrolls of fear {unknown}
Potions
 g - a potion of ambrosia
 h - 4 potions of degeneration
 j - 4 potions of attraction
 l - a potion of enlightenment
 n - 3 potions of resistance
 p - a potion of heal wounds {unknown}
 t - 2 potions of lignification


   Skills:
 + Level 6.2 Fighting
 - Level 3.3 Long Blades
 + Level 9.5 Maces & Flails
 + Level 2.6 Throwing
 + Level 6.1 Armour
 + Level 7.7 Dodging
 + Level 4.3 Stealth


You had 9 spell levels left.
You didn't know any spells.
Your spell library contained the following spells:

 Spells                   Type           Power      Damage    Failure   Level
 Sandblast                Erth           0%         2d4       50%         1
 Ensorcelled Hibernation  Hex/Ice        0%         N/A       63%         2
 Fugue of the Fallen      Necr           0%         N/A       86%         3
 Maxwell's Portable Pile  Tloc           0%         2d(5-13)  86%         3
 Stone Arrow              Conj/Erth      0%         3d7       86%         3
 Anguish                  Hex/Necr       0%         N/A       99%         4
 Brom's Barrelling Bould  Conj/Erth      0%         2d3       99%         4
 Passage of Golubria      Tloc           0%         N/A       99%         4
 Arcjolt                  Conj/Air       0%         1d10      100%        5
 Yara's Violent Unravell  Hex/Alch       0%         3d3       100%        5
 Lehudib's Crystal Spear  Conj/Erth      0%         10d2      100%        8
 Maxwell's Capacitive Co  Air            0%         ∞         100%        8
 Tukima's Dance           Hex            Unusable   N/A       N/A         3
 Animate Armour           Summ/Erth      Unusable   N/A       N/A         4

Dungeon Overview and Level Annotations

Branches:
Dungeon (10/15)            Temple (1/1) D:6            Lair (0/5) D:9
  Sewer (visited)
    Orc: D:9-12

Altars:
Ashenzari
Cheibriados
Dithmenos
Fedhas
Gozag
Hepliaklqana
Kikubaaqudgha
Nemelex Xobeh
Okawaru
Qazlal
Ru
Sif Muna
Trog
Uskayaw
Vehumet
Wu Jian
Xom
Yredelemnul

Annotations:
D:8 2 transporters, exclusion: ice statue, GlassEater's ghost, novice MiBe


Innate Abilities, Weirdness & Mutations

You have hoof-like feet.
You are completely covered in rugged brown scales. (AC +3, +7% HP)
You may rarely emit foul miasma when damaged in melee.
You regenerate magic rapidly.


Message History

Okay, then.
The electric eel shoots out a bolt of lightning at you!
The bolt of electricity hits you!
You enter the shallow water.
Moving in this stuff is going to be slow.
The electric eel shoots out a bolt of lightning at you!
The bolt of electricity hits you! The bolt of electricity misses you.
You hit the electric eel.
The electric eel seems to slow down.
You freeze the electric eel. Your kick misses the electric eel.
The electric eel is moderately wounded.
Your unstable footing causes you to fumble your attack.
The electric eel shoots out a bolt of lightning at you!
The bolt of electricity hits the electric eel.
The electric eel completely resists.
The bolt of electricity hits you.
The electric eel shoots out a bolt of lightning at you!
The bolt of electricity hits you. The bolt of electricity hits you!
You miss the electric eel. You kick the electric eel!
The electric eel is severely wounded.
The electric eel is no longer moving slowly.
The electric eel shoots out a bolt of lightning at you!
The bolt of electricity hits the electric eel.
The electric eel completely resists.
The bolt of electricity hits you!
The electric eel shoots out a bolt of lightning at you!
The bolt of electricity misses you.
The electric eel shoots out a bolt of lightning at you!
The bolt of electricity hits you.
* * * LOW HITPOINT WARNING * * *
The electric eel shoots out a bolt of lightning at you!
The bolt of electricity misses you.
The electric eel shoots out a bolt of lightning at you!
The bolt of electricity hits you!
* * * LOW HITPOINT WARNING * * *
The electric eel shoots out a bolt of lightning at you!
The bolt of electricity hits you!
* * * LOW HITPOINT WARNING * * *
There is a stone staircase leading up here.
The electric eel shoots out a bolt of lightning at you!
The bolt of electricity hits the electric eel.
The electric eel completely resists.
The bolt of electricity hits you!
You die...

#.########.#...####..
#..........###....#.#
#..##############.#<#
#..# ..# .........).
#..#.#.# #######.###
#..#...# #.# #......#
#.# ###'###.# #.#
#....@..# #.#
#####.≈~...##.# #'#
#≈≈≈≈≈~≈≈~SS≈.# ...
#≈≈≈≈≈≈≈≈≈≈≈~≈~.. ...
#≈≈≈≈≈≈≈≈≈≈≈≈~~~~
#≈≈≈≈~≈~~≈~≈≈≈≈≈~
##≈~.~.[~.~≈≈≈≈S≈
###......~≈≈≈≈≈≈
#.########≈≈≈≈


You could see 3 electric eels.

Vanquished Creatures
  A two-headed ogre (D:10)
  A komodo dragon (D:10)
  3 hornets
  A shadow (D:9)
  A vampire (D:9)
  A wraith (D:9)
  6 yaks (D:9)
  An acid dragon (D:9)
  Edmund (D:5)
  3 water moccasins
  Duvessa (D:5)
  5 orc warriors
  2 sky beasts
  A black bear (D:8)
  An ice beast (D:7)
  4 centaurs
  Blork the orc (D:5)
  2 kobold brigands
  4 bullfrogs
  A scorpion (D:6)
  A gnoll sergeant (D:3)
  6 wights
  Dowan (D:5)
  16 killer bees
  2 electric eels (D:10)
  A howler monkey (D:6)
  A bombardier beetle (D:5)
  Crazy Yiuf (D:2)
  2 hounds
  2 jellies
  2 orc priests
  A sleepcap (D:6)
  3 iguanas
  Terence (D:3)
  Natasha (thrice) (D:3)
  7 orc wizards
  3 gnolls (D:3)
  8 adders
  A white imp (D:6)
  2 ribbon worms
  10 dart slugs (Sewer)
  28 orcs
  11 endoplasms
  12 giant cockroaches
  A goblin (D:1)
  3 hobgoblins
  3 jackals (D:3)
  6 quokkas
  9 ball pythons
  7 bats
  6 frilled lizards
  20 kobolds
  6 rats
  A butterfly (D:10)
228 creatures vanquished.

Vanquished Creatures (others)
  A dart slug (Sewer)
  2 kobolds (D:10)
3 creatures vanquished.

Grand Total: 231 creatures vanquished

Notes
Turn   | Place    | Note
-------+----------+-------------------------------------------
     0 | D:1      | Meejax the Demonspawn Gladiator began the quest for the
                  | Orb.
     0 | D:1      | Reached XP level 1. HP: 16/16 MP: 1/1
   169 | D:1      | Found a faded altar of an unknown god.
   222 | D:1      | Gained mutation: You are partially covered in rugged brown
                  | scales. (AC +1, +3% HP) [demonic ancestry]
   222 | D:1      | Reached XP level 2. HP: 4/22 MP: 2/2
  1039 | D:2      | Reached XP level 3. HP: 27/27 MP: 3/3
  1173 | D:2      | Reached skill level 1 in Armour
  1659 | D:2      | Identified the +5 hammer of the Sufficient God {freeze, rC-
                  | Str+8 Dex+6}
  1666 | D:2      | Found a runed translucent door.
  1667 | D:2      | Noticed Crazy Yiuf
  1688 | D:2      | Killed Crazy Yiuf
  1689 | D:2      | Gained mutation: You have large cloven feet. [demonic
                  | ancestry]
  1689 | D:2      | Reached XP level 4. HP: 18/35 MP: 4/4
  2061 | D:3      | Noticed Terence
  2064 | D:3      | Noticed Natasha
  2067 | D:3      | Killed Terence
  2074 | D:3      | Killed Natasha
  2075 | D:3      | Gained mutation: You are mostly covered in rugged brown
                  | scales. (AC +2, +5% HP) [demonic ancestry]
  2075 | D:3      | Reached XP level 5. HP: 26/40 MP: 5/5
  2143 | D:3      | Reached skill level 1 in Maces & Flails
  2223 | D:3      | Noticed Natasha
  2230 | D:3      | Killed Natasha
  2231 | D:3      | Reached skill level 2 in Maces & Flails
  2381 | D:3      | Noticed Natasha
  2388 | D:3      | Killed Natasha
  2398 | D:3      | Gained mutation: You regenerate magic rapidly. [demonic
                  | ancestry]
  2398 | D:3      | Reached XP level 6. HP: 47/48 MP: 6/6
  2570 | D:3      | Reached skill level 1 in Stealth
  2809 | D:3      | Found a hazy altar of Hepliaklqana.
  3537 | D:4      | Found a basalt altar of Yredelemnul.
  3702 | D:4      | Found a sacrificial altar of Ru.
  4176 | D:5      | Entered Level 5 of the Dungeon
  4194 | D:5      | Reached skill level 3 in Maces & Flails
  4223 | D:5      | Noticed Duvessa
  4228 | D:5      | Noticed Dowan
  4231 | D:5      | Killed Duvessa
  4232 | D:5      | Gained mutation: You are completely covered in rugged brown
                  | scales. (AC +3, +7% HP) [demonic ancestry]
  4232 | D:5      | Reached XP level 7. HP: 40/55 MP: 7/7
  4236 | D:5      | Killed Dowan
  4243 | D:5      | Found a glowing drain.
  4258 | Sewer    | Entered a sewer
  4497 | Sewer    | Reached skill level 4 in Maces & Flails
  4941 | D:5      | Noticed Blork the orc
  4956 | D:5      | Killed Blork the orc
  5153 | D:5      | Found an iron altar of Okawaru.
  5158 | D:5      | Noticed Edmund
  5163 | D:5      | Became a worshipper of Warmaster Okawaru
  5179 | D:5      | Killed Edmund
  5180 | D:5      | Gained mutation: You have hoof-like feet. [demonic
                  | ancestry]
  5180 | D:5      | Reached XP level 8. HP: 51/64 MP: 8/8
  5320 | D:5      | Reached skill level 5 in Maces & Flails
  5559 | D:6      | Found a staircase to the Ecumenical Temple.
  5701 | D:6      | Reached skill level 5 in Dodging
  5718 | D:6      | Reached * piety under Okawaru
  6134 | D:6      | Reached skill level 6 in Maces & Flails
  6500 | Temple   | Entered the Ecumenical Temple
  6556 | D:7      | Reached XP level 9. HP: 60/70 MP: 9/9
  7094 | D:7      | Found a broken altar of Ashenzari.
  7120 | D:7      | Paralysed by a hornet for 2 turns
  7143 | D:7      | Paralysed by a hornet for 3 turns
  7148 | D:7      | Reached ** piety under Okawaru
  7490 | D:8      | Found a transporter.
  7497 | D:8      | Reached skill level 7 in Maces & Flails
  7500 | D:8      | Noticed a gargoyle
  7501 | D:8      | Noticed an ice statue
  7504 | D:8      | Noticed GlassEater's ghost (novice MiBe)
  7506 | D:8      | Noticed a troll
  7516 | D:8      | Noticed a two-headed ogre
  7523 | D:8      | Found a transporter.
  7567 | D:8      | Reached skill level 5 in Fighting
  7628 | D:8      | Identified the +9 mace "Demonslayer" {antimagic, rN+}
  8457 | D:9      | Reached *** piety under Okawaru
  8596 | D:9      | Reached skill level 5 in Armour
  8599 | D:9      | Reached skill level 8 in Maces & Flails
  8604 | D:9      | Gained mutation: You may rarely emit foul miasma when
                  | damaged in melee. [demonic ancestry]
  8604 | D:9      | Reached XP level 10. HP: 63/79 MP: 10/10
  8857 | D:9      | Reached **** piety under Okawaru
  9587 | D:9      | Found a staircase to the Lair.
  9610 | D:9      | Reached skill level 9 in Maces & Flails
 10186 | D:10     | Entered Level 10 of the Dungeon
 10238 | D:10     | Noticed a two-headed ogre
 10245 | D:10     | Killed a two-headed ogre
 10245 | D:10     | Reached ***** piety under Okawaru
 10368 | D:10     | HP: 2/81 [acid dragon/splash of acid (14)]
 10375 | D:9      | HP: 5/121 [acid dragon (4)]
 10378 | D:9      | Received a gift from Okawaru
 11421 | D:10     | Killed from afar by an electric eel

Illustrated notes

Levels and vault maps discovered:
D:1:      mushboom_english_gardens, layout_basic,
          shapermc_ecumenical_altar_flowoftime, grunt_decor_one_mirror
D:2:      layout_loops_corners, hex_tiny, minmay_tromino_i4,
          uniq_crazy_yiuf_cottage
D:3:      layout_basic, lemuel_doored_altar, uniq_terence, uniq_natasha
D:4:      layout_loops_corners, mainiacjoe_overflow_paths,
          nicolae_overflow_hidden_temple, kennysheep_generic_room_8
D:5:      layout_basic, okawaru_ov_weapons_minmay, portal_sewer_entry_f,
          uniq_blork_the_orc, uniq_duvessa, uniq_edmund
D:6:      layout_basic, minmay_temple_entry_offerings
D:7:      layout_basic, ashenzari_conservatory_becter
D:8:      layout_basic, nzn_ghost_randoct
D:9:      layout_stronghold, lair_entry_dummy
D:10:     layout_basic, nicolae_elyvilon_peaceful_grove
Temple:   nicolae_temple_superstar

Skill      XL: |  1  2  3  4  5  6  7  8  9 10 |
---------------+-------------------------------+-----
Long Blades    | 3 |  3.3
Dodging        | 3 4 5 6 7 |  7.7
Armour         | 1 2 3 4 5 6 |  6.1
Maces & Flails | 2 3 4 6 8 9 |  9.5
Fighting       | 3 4 5 6 |  6.2
Stealth        | 1 2 3 4 |  4.3
Throwing       | 2 |  2.6

Action                     |  1- 3 |  4- 6 |  7- 9 | 10-12 || total
---------------------------+-------+-------+-------+-------++-------
  Melee: Long sword        |   148 |       |       |       ||   148
         Mace              |     4 |    97 |   308 |   208 ||   617
         Kick              |       |    25 |    94 |    68 ||   187
  Throw: Throwing net      |       |       |     2 |     1 ||     3
         Javelin           |       |       |     1 |       ||     1
         Boomerang         |       |       |       |     8 ||     8
         Dart              |       |       |       |     3 ||     3
    Use: Scroll            |       |    11 |     3 |       ||    14
         Potion            |       |       |       |     7 ||     7
   Stab: Sleeping          |     1 |     2 |     6 |     1 ||    10
         Held in net/web   |       |       |     2 |       ||     2
         Distracted        |       |       |     1 |       ||     1
 Armour: Leather armour    |   109 |   104 |   149 |       ||   362
         Ring mail         |       |       |    75 |   180 ||   255
         Skin              |       |       |       |     5 ||     5
  Dodge: Dodged            |   119 |   107 |   329 |   289 ||   844

Table legend: (Time is in decaauts)
 A = Elapsed time spent in this place.
 B = Non-inter-level travel time spent in this place.
 C = Inter-level travel time spent in this place.
 D = Time resting spent in this place.
 E = Time spent auto-exploring this place.
 F = Levels seen in this place.
 G = Mean time per level.
                   A        B        C        D        E       F      G
               +--------+--------+--------+--------+--------+-----+--------+
         Total |  11645 |  10857 |    788 |   1314 |   7340 |  12 |  970.4 |
       Dungeon |  10884 |  10096 |    788 |   1314 |   7029 |  10 | 1088.4 |
        Temple |      1 |      1 |      0 |      0 |      0 |   1 |    1.0 |
         Sewer |    760 |    760 |      0 |      0 |    311 |   1 |  760.0 |
               +--------+--------+--------+--------+--------+-----+--------+

Top non-repeatable levels by time:
     D:9: 2380 daAuts
     D:3: 1341 daAuts
     D:2: 1219 daAuts
     D:4: 960 daAuts
     D:6: 950 daAuts
     D:5: 930 daAuts
     D:8: 916 daAuts
     D:1: 908 daAuts
   Sewer: 760 daAuts
    D:10: 668 daAuts
     D:7: 606 daAuts
  Temple: 1 daAuts
